Carnivores vs Demolitions
Created - 26 octobre 2013 at 19:02
Goals
|
| Carnivores |
1 |
3 |
1 |
5 |
| Demolitions |
2 |
1 |
1 |
4 |
|
Shots
|
| Carnivores |
7 |
13 |
17 |
37 |
| Demolitions |
10 |
17 |
9 |
36 |
|
1st period
1. Demolitions , Brad Richardson 4 (Andy Rogers) at 5:17 (PP)
2. Carnivores , Chris Lawrence 3 (Jeremy Welsh, Brian Strait) at 6:14
3. Demolitions , Troy Brouwer 2 (Anthony Stewart, Sergei Bobrovsky) at 18:34 (SH)
Penalties :
Cal O'Reilly (Bre) for High sticking (Minor) at 4:40, Petr Vrana (Vic) for Boarding (Minor) at 17:08, Keith Aulie (Bre) for Tripping (Minor) at 19:09
2nd period
4. Carnivores , Chris Lawrence 4 (Kyle Wilson) at 2:23
5. Carnivores , Chris Lawrence 5 (Keith Aulie, Kyle Wilson) at 5:40
6. Demolitions , Jeremy Williams 4 (Andy Rogers, Troy Brouwer) at 9:21
7. Carnivores , Tim Conboy 1 (Mikael Backlund, Jordie Benn) at 12:44
Penalties :
Troy Brouwer (Vic) for Tripping (Minor) at 6:50, Cal O'Reilly (Bre) for Tripping (Minor) at 6:50, Billy Sweat (Bre) for Roughing (Minor) at 13:12
3rd period
8. Demolitions , Jeremy Williams 5 (Troy Brouwer, Brad Richardson) at 2:11 (PP)
9. Carnivores , Manny Malhotra 3 (Blake Geoffrion, David Van Der Gulik) at 17:35
Penalties :
Keith Aulie (Bre) for Slashing (Minor) at 2:07, Keith Aulie (Bre) for Interference (Minor) at 3:58, Chris Lawrence (Bre) for Tripping (Minor) at 11:39, Manny Malhotra (Bre) for Hooking (Minor) at 18:10
Goalie Stats
Steve Mason (Bre), 32 saves from 36 shots - (0,889), W, 2-1-0, 60:00 minutes
Sergei Bobrovsky (Vic), 32 saves from 37 shots - (0,865), L, 1-1-0, 60:00 minutes
Players Stats for Carnivores
Player Name G A P +/- PIM S H SB GA TA FO MP PP MP PK MP
------------------------------------------------------------------------------------
Anton Gustafsson 0 0 0 0 0 0 0 0 0 0 0/0 0:00 0:00 0:00
Billy Sweat 0 0 0 1 2 0 2 0 0 1 1/1 14:03 0:50 0:19
Blake Geoffrion 0 1 1 0 0 9 0 0 2 0 0/0 20:02 1:09 2:10
Bobby Sanguinetti 0 0 0 1 0 0 0 4 0 2 0/0 26:31 1:24 6:11
Brian Strait 0 1 1 2 0 1 0 0 0 0 0/0 3:37 0:00 0:33
Cal O'Reilly 0 0 0 1 4 1 1 0 1 0 5/11 15:56 0:50 2:53
Chris Butler 0 0 0 0 0 1 3 0 1 0 0/0 19:42 0:35 4:15
Chris Lawrence 3 0 3 2 2 11 2 1 0 2 0/0 12:05 0:00 1:42
Christopher DiDomenico 0 0 0 0 0 0 1 0 0 0 0/0 6:52 0:00 0:00
David Schlemko 0 0 0 0 0 0 1 0 0 0 0/0 11:34 0:00 0:00
David Van Der Gulik 0 1 1 0 0 3 6 0 1 0 3/12 24:39 1:09 5:59
Evgeny Grachev 0 0 0 0 0 0 0 0 0 0 0/0 0:00 0:00 0:00
Ian Schultz 0 0 0 0 0 0 2 0 0 0 0/0 6:52 0:00 0:00
Jeremy Welsh 0 1 1 2 0 1 1 0 0 1 0/0 8:56 0:00 0:00
Jordie Benn 0 1 1 0 0 1 2 1 0 0 0/0 14:16 0:00 2:45
Keith Aulie 0 1 1 3 6 1 2 1 2 2 0/0 25:26 1:24 2:58
Kyle Wilson 0 2 2 2 0 1 0 0 1 0 6/9 10:19 0:00 0:26
Manny Malhotra 1 0 1 0 2 3 1 0 0 0 11/24 23:41 1:09 5:06
Mikael Backlund 0 1 1 0 0 1 1 1 0 0 1/3 7:34 0:00 0:00
Phil Oreskovic 0 0 0 0 0 0 2 4 0 0 0/0 19:26 0:35 4:10
Tim Conboy 1 0 1 1 0 3 1 0 0 0 3/5 15:56 0:50 2:17
Zack Smith 0 0 0 0 0 0 0 0 0 0 0/0 0:00 0:00 0:00
Players Stats for Demolitions
Player Name G A P +/- PIM S H SB GA TA FO MP PP MP PK MP
------------------------------------------------------------------------------------
Andy Rogers 0 2 2 -1 0 3 5 3 0 2 0/0 30:20 6:54 1:10
Anssi Salmela 0 0 0 -2 0 2 2 1 1 0 0/0 20:09 3:32 0:49
Anthony Stewart 0 1 1 0 0 1 1 0 0 1 1/2 18:12 4:13 0:26
Anton Babchuk 0 0 0 -2 0 2 2 3 0 1 0/0 20:16 3:32 0:49
Brad Richardson 1 1 2 -3 0 5 0 1 0 1 21/36 22:56 6:13 1:27
Brandon Bochenski 0 0 0 -1 0 2 1 0 1 1 0/1 14:01 0:07 0:00
James Sheppard 0 0 0 -1 0 0 0 0 0 1 0/1 8:05 0:00 0:00
Janne Niskala 0 0 0 -1 0 3 2 1 1 0 0/0 29:44 6:54 1:10
Jeremy Williams 2 0 2 -2 0 6 0 0 2 0 0/0 23:27 6:13 1:27
Josh Beaulieu 0 0 0 0 0 0 0 0 0 0 0/0 1:48 0:00 0:00
Kyle Wharton 0 0 0 0 0 0 1 2 0 1 0/0 10:07 0:00 0:00
Marc-André Bernier 0 0 0 -1 0 1 0 1 1 0 0/1 8:34 0:00 0:00
Nicolas Blanchard 0 0 0 1 0 0 1 0 0 0 3/5 11:53 0:00 0:06
Petr Vrana 0 0 0 0 2 3 0 0 0 0 0/0 18:16 4:13 0:00
Robert Bortuzzo 0 0 0 0 0 0 0 1 0 0 0/0 8:55 0:00 0:00
Robert Klinkhammer 0 0 0 -1 0 1 1 0 0 0 0/0 10:31 0:00 0:00
Ryan Craig 0 0 0 0 0 2 1 0 0 0 8/17 16:45 4:13 0:00
Troy Brouwer 1 2 3 -2 2 5 3 1 2 0 2/2 22:01 6:06 0:32
3 Stars
1 - Chris Lawrence (Bre)
2 - Troy Brouwer (Vic)
3 - Andy Rogers (Vic)
Power Play
Carnivores - 0 on 1 Attempt(s) - 0,00%
Demolitions - 2 on 7 Attempt(s) - 28,57%
Penalty Kill
Carnivores - 5 on 7 Attempt(s) - 71,43%
- Score 0 goal in Penalty Kill
Demolitions - 1 on 1 Attempt(s) - 100,00%
- Score 1 goal in Penalty Kill
Official
Referees : VanMassenhoven Don and Kowal Tom
Linesman : Scott Driscoll and Brian Murphy
Game Notes
Josh Beaulieu is injured at 11:04 of 1st period (Sprained Right Knee)
Chris Lawrence has scored a Hat Trick!
Robert Bortuzzo is injured at 10:46 of 3rd period (Bruised Left Shoulder)
Finance
Level 1 -- Attendance: 1410 (70,50%) -- Ticket Income 49 350 $
Level 2 -- Attendance: 679 (67,90%) -- Ticket Income 10 185 $
Total Attendance: 2089 (69,63%)
Total Ticket Income: 59 535 $
Other Income: 2 977 $
Total Income: 62 512 $
Carnivores
5 vs 5 Forward
Center Left Wing Right Wing Time % Phy DF OF
1 Manny Malhotra Blake Geoffrion David Van Der Gulik 40 1 2 2
2 Cal O'Reilly Billy Sweat Tim Conboy 30 1 2 2
3 Kyle Wilson Jeremy Welsh Chris Lawrence 20 1 2 2
4 Mikael Backlund Christopher DiDomenico Ian Schultz 10 1 2 2
5 vs 5 Defense
Defense Defense Time % Phy DF OF
1 Keith Aulie Bobby Sanguinetti 40 1 2 2
2 Phil Oreskovic Chris Butler 30 1 2 2
3 David Schlemko Jordie Benn 20 1 2 2
4 Brian Strait Keith Aulie 10 1 2 2
PowerPlay Forward
Center Left Wing Right Wing Time % Phy DF OF
1 Manny Malhotra Blake Geoffrion David Van Der Gulik 60 1 2 2
2 Cal O'Reilly Billy Sweat Tim Conboy 40 1 2 2
PowerPlay Defense
Defense Defense Time % Phy DF OF
1 Keith Aulie Bobby Sanguinetti 60 1 2 2
2 Phil Oreskovic Chris Butler 40 1 2 2
Penalty Kill 4 Players Forward
Center Wing Time % Phy DF OF
1 David Van Der Gulik Manny Malhotra 60 1 2 2
2 Tim Conboy Cal O'Reilly 40 1 2 2
Penalty Kill 4 Players Defense
Defense Defense Time % Phy DF OF
1 Keith Aulie Bobby Sanguinetti 60 1 2 2
2 Phil Oreskovic Chris Butler 40 1 2 2
Penalty Kill - 3 Players Forward
Forward Time % Phy DF OF
1 David Van Der Gulik 60 1 2 2
2 Manny Malhotra 40 1 2 2
Penalty Kill - 3 Players Defense
Defense Defense Time % Phy DF OF
1 Keith Aulie Bobby Sanguinetti 60 1 2 2
2 Phil Oreskovic Chris Butler 40 1 2 2
4 vs 4 Forward
Center Wing Time % Phy DF OF
1 David Van Der Gulik Manny Malhotra 60 1 2 2
2 Tim Conboy Cal O'Reilly 40 1 2 2
4 vs 4 Defense
Defense Defense Time % Phy DF OF
1 Keith Aulie Bobby Sanguinetti 60 1 2 2
2 Phil Oreskovic Chris Butler 40 1 2 2
Last Minutes Offensive
Center Left Wing Right Wing Defense Defense
Manny Malhotra Blake Geoffrion David Van Der Gulik Keith Aulie Bobby Sanguinetti
Last Minutes Defensive
Center Left Wing Right Wing Defense Defense
Manny Malhotra Blake Geoffrion David Van Der Gulik Keith Aulie Bobby Sanguinetti
Goaltenders
Starting : Steve Mason
Backup : Corey Crawford
Extra Forwards
Normal : Kyle Wilson, Mikael Backlund, Chris Lawrence - PP : Kyle Wilson, Mikael Backlund - PK : Chris Lawrence
Extra Defensemen
Normal : David Schlemko, Jordie Benn, Brian Strait - PP : David Schlemko - PK : Jordie Benn, Brian Strait
Penalty Shots
David Van Der Gulik, Manny Malhotra, Tim Conboy, Cal O'Reilly, Blake Geoffrion
Demolitions
5 vs 5 Forward
Center Left Wing Right Wing Time % Phy DF OF
1 Brad Richardson Troy Brouwer Jeremy Williams 40 1 2 2
2 Ryan Craig Petr Vrana Anthony Stewart 30 1 2 2
3 Nicolas Blanchard Robert Klinkhammer Brandon Bochenski 20 1 2 2
4 James Sheppard Josh Beaulieu Marc-André Bernier 10 1 2 2
5 vs 5 Defense
Defense Defense Time % Phy DF OF
1 Janne Niskala Andy Rogers 40 1 2 2
2 Anton Babchuk Anssi Salmela 30 1 2 2
3 Kyle Wharton Robert Bortuzzo 20 1 2 2
4 Janne Niskala Andy Rogers 10 1 2 2
PowerPlay Forward
Center Left Wing Right Wing Time % Phy DF OF
1 Brad Richardson Troy Brouwer Jeremy Williams 60 1 2 2
2 Ryan Craig Petr Vrana Anthony Stewart 40 1 2 2
PowerPlay Defense
Defense Defense Time % Phy DF OF
1 Janne Niskala Andy Rogers 60 1 2 2
2 Anton Babchuk Anssi Salmela 40 1 2 2
Penalty Kill 4 Players Forward
Center Wing Time % Phy DF OF
1 Brad Richardson Jeremy Williams 60 1 2 2
2 Anthony Stewart Troy Brouwer 40 1 2 2
Penalty Kill 4 Players Defense
Defense Defense Time % Phy DF OF
1 Janne Niskala Andy Rogers 60 1 2 2
2 Anton Babchuk Anssi Salmela 40 1 2 2
Penalty Kill - 3 Players Forward
Forward Time % Phy DF OF
1 Brad Richardson 60 1 2 2
2 Jeremy Williams 40 1 2 2
Penalty Kill - 3 Players Defense
Defense Defense Time % Phy DF OF
1 Janne Niskala Andy Rogers 60 1 2 2
2 Anton Babchuk Anssi Salmela 40 1 2 2
4 vs 4 Forward
Center Wing Time % Phy DF OF
1 Brad Richardson Jeremy Williams 60 1 2 2
2 Anthony Stewart Troy Brouwer 40 1 2 2
4 vs 4 Defense
Defense Defense Time % Phy DF OF
1 Janne Niskala Andy Rogers 60 1 2 2
2 Anton Babchuk Anssi Salmela 40 1 2 2
Last Minutes Offensive
Center Left Wing Right Wing Defense Defense
Brad Richardson Troy Brouwer Jeremy Williams Janne Niskala Andy Rogers
Last Minutes Defensive
Center Left Wing Right Wing Defense Defense
Brad Richardson Troy Brouwer Jeremy Williams Janne Niskala Andy Rogers
Goaltenders
Starting : Sergei Bobrovsky
Backup : Jussi Rynnas
Extra Forwards
Normal : Brandon Bochenski, Marc-André Bernier, Nicolas Blanchard - PP : Brandon Bochenski, Marc-André Bernier - PK : Nicolas Blanchard
Extra Defensemen
Normal : Kyle Wharton, Robert Bortuzzo, Anton Babchuk - PP : Kyle Wharton - PK : Robert Bortuzzo, Anton Babchuk
Penalty Shots
Brad Richardson, Jeremy Williams, Anthony Stewart, Troy Brouwer, Ryan Craig
% Time on Ice - Carnivores
Lines # - Real PCT - Wanted PCT - Time Play
Normal Forward
1 - 39% - 40% - 17:34
2 - 27% - 30% - 12:14
3 - 20% - 20% - 8:56
4 - 15% - 10% - 6:52
Normal Defense
1 - 39% - 40% - 17:58
2 - 30% - 30% - 13:44
3 - 24% - 20% - 10:50
4 - 7% - 10% - 3:04
PP Forward
1 - 58% - 60% - 1:09
2 - 42% - 40% - 0:50
PP Defense
1 - 71% - 60% - 1:24
2 - 29% - 40% - 0:35
PK Forward
1 - 78% - 60% - 8:09
2 - 22% - 40% - 2:17
PK Defense
1 - 60% - 60% - 6:16
2 - 40% - 40% - 4:10
PK3 Forward
1 - 0% - 60%
2 - 0% - 40%
PK3 Defense
1 - 0% - 60%
2 - 0% - 40%
44 Forward
1 - 71% - 60% - 1:24
2 - 29% - 40% - 0:35
44 Defense
1 - 52% - 60% - 1:02
2 - 48% - 40% - 0:57
Last Minute Offensive - 0:00
Last Minute Defensive - 0:00
Total
Forward - 60:00
Defense - 60:00
|
% Time on Ice - Demolitions
Lines # - Real PCT - Wanted PCT - Time Play
Normal Forward
1 - 32% - 40% - 14:49
2 - 27% - 30% - 12:32
3 - 22% - 20% - 10:10
4 - 18% - 10% - 8:05
Normal Defense
1 - 41% - 40% - 18:31
2 - 33% - 30% - 14:50
3 - 22% - 20% - 10:07
4 - 5% - 10% - 2:08
PP Forward
1 - 60% - 60% - 6:13
2 - 40% - 40% - 4:13
PP Defense
1 - 66% - 60% - 6:54
2 - 34% - 40% - 3:32
PK Forward
1 - 78% - 60% - 1:33
2 - 22% - 40% - 0:26
PK Defense
1 - 59% - 60% - 1:10
2 - 41% - 40% - 0:49
PK3 Forward
1 - 0% - 60%
2 - 0% - 40%
PK3 Defense
1 - 0% - 60%
2 - 0% - 40%
44 Forward
1 - 73% - 60% - 1:27
2 - 27% - 40% - 0:32
44 Defense
1 - 51% - 60% - 1:01
2 - 49% - 40% - 0:58
Last Minute Offensive - 0:00
Last Minute Defensive - 0:00
Total
Forward - 60:00
Defense - 60:00
|
Play by Play
1st period
0:01 of 1st period - David Van Der Gulik wins face-off versus Brad Richardson in neutral zone.
0:10 of 1st period - Snap shot by Blake Geoffrion.
0:10 of 1st period - Stopped by Sergei Bobrovsky with a rebound.
0:12 of 1st period - Snap shot by David Van Der Gulik.
0:12 of 1st period - Shot Blocked by Andy Rogers.
0:14 of 1st period - Slapshot by David Van Der Gulik.
0:14 of 1st period - Stopped by Sergei Bobrovsky without a rebound.
0:15 of 1st period - Tim Conboy wins face-off versus Ryan Craig in Demolitions zone.
0:40 of 1st period - Robert Klinkhammer is hit by Chris Butler and loses puck.
0:49 of 1st period - Snap shot by Kyle Wilson.
0:49 of 1st period - Deflect By Chris Lawrence.
0:49 of 1st period - Stopped by Sergei Bobrovsky with a rebound.
1:07 of 1st period - Snap shot by Manny Malhotra.
1:07 of 1st period - Shot Blocked by Kyle Wharton.
1:09 of 1st period - Slapshot by Jordie Benn.
1:09 of 1st period - Stopped by Sergei Bobrovsky without a rebound.
1:10 of 1st period - Mikael Backlund wins face-off versus Marc-André Bernier in Demolitions zone.
1:35 of 1st period - Bobby Sanguinetti is hit by Troy Brouwer and loses puck.
3:29 of 1st period - Slapshot by Troy Brouwer.
3:29 of 1st period - Stopped by Steve Mason with a rebound.
3:31 of 1st period - Snap shot by Andy Rogers.
3:31 of 1st period - Shot Misses the Net.
4:19 of 1st period - Snap shot by David Van Der Gulik.
4:19 of 1st period - Deflect By Blake Geoffrion.
4:19 of 1st period - Stopped by Sergei Bobrovsky with a rebound.
4:36 of 1st period - Anton Babchuk is hit by Tim Conboy and loses puck.
4:40 of 1st period - Minor Penalty to Cal O'Reilly for High sticking.
4:41 of 1st period - David Van Der Gulik wins face-off versus Ryan Craig in Carnivores zone.
5:17 of 1st period - Wrist shot by Brad Richardson.
5:17 of 1st period - Goal by Brad Richardson - Carnivores : 0 - Demolitions : 1.
5:18 of 1st period - Ryan Craig wins face-off versus Manny Malhotra in neutral zone.
5:53 of 1st period - Phil Oreskovic is hit by Troy Brouwer and loses puck.
6:14 of 1st period - Wrist shot by Chris Lawrence.
6:14 of 1st period - Goal by Chris Lawrence - Carnivores : 1 - Demolitions : 1.
6:15 of 1st period - Manny Malhotra wins face-off versus Anthony Stewart in neutral zone.
8:08 of 1st period - Keith Aulie is hit by Anton Babchuk and loses puck.
8:23 of 1st period - Snap shot by Petr Vrana.
8:23 of 1st period - Shot Misses the Net.
8:25 of 1st period - Wrist shot by Anssi Salmela.
8:25 of 1st period - Deflect By Anthony Stewart.
8:25 of 1st period - Shot Blocked by Keith Aulie.
8:25 of 1st period - Puck is out of play.
8:26 of 1st period - Brad Richardson wins face-off versus Tim Conboy in Carnivores zone.
8:29 of 1st period - Snap shot by Jeremy Williams.
8:29 of 1st period - Shot Misses the Net.
9:15 of 1st period - David Schlemko is hit by Andy Rogers and loses puck.
9:28 of 1st period - Kyle Wharton is hit by Billy Sweat.
9:32 of 1st period - Troy Brouwer is hit by Jordie Benn and loses puck.
10:07 of 1st period - Janne Niskala is hit by Jordie Benn and loses puck.
10:33 of 1st period - Mikael Backlund is hit by Nicolas Blanchard and loses puck.
11:03 of 1st period - Josh Beaulieu is hit by Phil Oreskovic and loses puck.
11:04 of 1st period - Josh Beaulieu from Demolitions is injured at 11:04 of 1st period (Sprained Right Knee).
11:05 of 1st period - Brad Richardson wins face-off versus Cal O'Reilly in Demolitions zone.
11:18 of 1st period - Icing by Andy Rogers.
11:19 of 1st period - Brad Richardson wins face-off versus Manny Malhotra in Demolitions zone.
11:34 of 1st period - Wrist shot by Blake Geoffrion.
11:34 of 1st period - Shot Misses the Net.
11:46 of 1st period - Slapshot by Janne Niskala.
11:46 of 1st period - Shot Blocked by Phil Oreskovic.
12:14 of 1st period - Janne Niskala is hit by Chris Lawrence and loses puck.
12:56 of 1st period - Snap shot by Marc-André Bernier.
12:56 of 1st period - Shot Misses the Net.
13:18 of 1st period - Snap shot by Manny Malhotra.
13:18 of 1st period - Stopped by Sergei Bobrovsky without a rebound.
13:19 of 1st period - Cal O'Reilly wins face-off versus Ryan Craig in Demolitions zone.
13:32 of 1st period - Snap shot by Ryan Craig.
13:32 of 1st period - Shot Misses the Net.
13:34 of 1st period - Snap shot by Petr Vrana.
13:34 of 1st period - Stopped by Steve Mason without a rebound.
13:35 of 1st period - Brad Richardson wins face-off versus Kyle Wilson in Carnivores zone.
14:00 of 1st period - Phil Oreskovic is hit by Robert Klinkhammer and loses puck.
14:05 of 1st period - Snap shot by Nicolas Blanchard.
14:05 of 1st period - Shot Misses the Net.
14:07 of 1st period - Snap shot by Anssi Salmela.
14:07 of 1st period - Stopped by Steve Mason with a rebound.
14:09 of 1st period - Slapshot by Anssi Salmela.
14:09 of 1st period - Shot Blocked by Phil Oreskovic.
14:11 of 1st period - Slapshot by Anssi Salmela.
14:11 of 1st period - Shot Misses the Net.
14:35 of 1st period - Kyle Wharton is hit by Chris Butler and loses puck.
14:46 of 1st period - David Schlemko is hit by Kyle Wharton and loses puck.
15:07 of 1st period - Slapshot by Jeremy Williams.
15:07 of 1st period - Shot Blocked by Chris Lawrence.
15:13 of 1st period - Troy Brouwer is hit by Chris Lawrence and loses puck.
15:38 of 1st period - Janne Niskala is hit by David Schlemko and loses puck.
16:01 of 1st period - Slapshot by Anthony Stewart.
16:01 of 1st period - Stopped by Steve Mason without a rebound.
16:02 of 1st period - Cal O'Reilly wins face-off versus Brad Richardson in Carnivores zone.
16:13 of 1st period - Snap shot by Troy Brouwer.
16:13 of 1st period - Stopped by Steve Mason with a rebound.
16:15 of 1st period - Wrist shot by Jeremy Williams.
16:15 of 1st period - Stopped by Steve Mason with a rebound.
16:17 of 1st period - Backhand shot by Anton Babchuk.
16:17 of 1st period - Stopped by Steve Mason with a rebound.
17:08 of 1st period - Minor Penalty to Petr Vrana for Boarding.
17:09 of 1st period - Brad Richardson wins face-off versus Manny Malhotra in Demolitions zone.
18:32 of 1st period - Snap shot by Troy Brouwer.
18:32 of 1st period - Shot Misses the Net.
18:34 of 1st period - Snap shot by Troy Brouwer.
18:34 of 1st period - Goal by Troy Brouwer - Carnivores : 1 - Demolitions : 2.
18:35 of 1st period - Brad Richardson wins face-off versus Cal O'Reilly in neutral zone.
18:38 of 1st period - Snap shot by Janne Niskala.
18:38 of 1st period - Stopped by Steve Mason with a rebound.
18:48 of 1st period - Slapshot by Cal O'Reilly.
18:48 of 1st period - Deflect By Tim Conboy.
18:48 of 1st period - Shot Misses the Net.
18:48 of 1st period - Puck is out of play.
18:49 of 1st period - Manny Malhotra wins face-off versus Brad Richardson in Demolitions zone.
19:08 of 1st period - Penalty to Petr Vrana is over, Petr Vrana is back on ice.
19:09 of 1st period - Minor Penalty to Keith Aulie for Tripping.
19:10 of 1st period - Brad Richardson wins face-off versus David Van Der Gulik in Carnivores zone.
19:41 of 1st period - Ryan Craig is hit by David Van Der Gulik and loses puck.
2nd period
0:01 of 2nd period - Brad Richardson wins face-off versus David Van Der Gulik in neutral zone.
0:10 of 2nd period - Snap shot by Jeremy Williams.
0:10 of 2nd period - Stopped by Steve Mason with a rebound.
0:12 of 2nd period - Wrist shot by Janne Niskala.
0:12 of 2nd period - Shot Misses the Net.
0:14 of 2nd period - Slapshot by Janne Niskala.
0:14 of 2nd period - Shot Misses the Net.
0:16 of 2nd period - Slapshot by Andy Rogers.
0:16 of 2nd period - Deflect By Brad Richardson.
0:16 of 2nd period - Shot Misses the Net.
0:16 of 2nd period - Puck is out of play.
0:17 of 2nd period - Ryan Craig wins face-off versus David Van Der Gulik in Carnivores zone.
0:20 of 2nd period - Slapshot by Janne Niskala.
0:20 of 2nd period - Shot Blocked by Jordie Benn.
0:22 of 2nd period - Snap shot by Andy Rogers.
0:22 of 2nd period - Deflect By Petr Vrana.
0:22 of 2nd period - Stopped by Steve Mason with a rebound.
0:24 of 2nd period - Wrist shot by Anthony Stewart.
0:24 of 2nd period - Shot Misses the Net.
0:26 of 2nd period - Slapshot by Janne Niskala.
0:26 of 2nd period - Shot Blocked by Bobby Sanguinetti.
0:28 of 2nd period - Slapshot by Janne Niskala.
0:28 of 2nd period - Shot Misses the Net.
0:30 of 2nd period - Slapshot by Andy Rogers.
0:30 of 2nd period - Deflect By David Van Der Gulik.
0:30 of 2nd period - Stopped by Steve Mason without a rebound.
0:31 of 2nd period - Brad Richardson wins face-off versus David Van Der Gulik in Carnivores zone.
0:59 of 2nd period - Icing by Andy Rogers.
1:00 of 2nd period - Tim Conboy wins face-off versus Ryan Craig in Demolitions zone.
1:09 of 2nd period - Penalty to Keith Aulie is over, Keith Aulie is back on ice.
1:15 of 2nd period - Snap shot by Ryan Craig.
1:15 of 2nd period - Stopped by Steve Mason with a rebound.
1:31 of 2nd period - Snap shot by Brad Richardson.
1:31 of 2nd period - Stopped by Steve Mason with a rebound.
1:33 of 2nd period - Snap shot by Brad Richardson.
1:33 of 2nd period - Stopped by Steve Mason with a rebound.
1:45 of 2nd period - Slapshot by Cal O'Reilly.
1:45 of 2nd period - Deflect By Billy Sweat.
1:45 of 2nd period - Deflect By Andy Rogers.
1:45 of 2nd period - Shot Misses the Net.
1:45 of 2nd period - Puck is out of play.
1:46 of 2nd period - Billy Sweat wins face-off versus Brandon Bochenski in Demolitions zone.
1:51 of 2nd period - Slapshot by Cal O'Reilly.
1:51 of 2nd period - Stopped by Sergei Bobrovsky without a rebound.
1:52 of 2nd period - Tim Conboy wins face-off versus Brad Richardson in Demolitions zone.
1:59 of 2nd period - Slapshot by Tim Conboy.
1:59 of 2nd period - Shot Blocked by Janne Niskala.
2:19 of 2nd period - Wrist shot by Jeremy Welsh.
2:19 of 2nd period - Shot Misses the Net.
2:21 of 2nd period - Snap shot by Chris Butler.
2:21 of 2nd period - Stopped by Sergei Bobrovsky without a rebound.
2:22 of 2nd period - Kyle Wilson wins face-off versus Brad Richardson in Demolitions zone.
2:23 of 2nd period - Slapshot by Chris Lawrence.
2:23 of 2nd period - Goal by Chris Lawrence - Carnivores : 2 - Demolitions : 2.
2:24 of 2nd period - Brad Richardson wins face-off versus Manny Malhotra in neutral zone.
2:49 of 2nd period - Cal O'Reilly is hit by Andy Rogers and loses puck.
2:57 of 2nd period - Off-side.
2:58 of 2nd period - Manny Malhotra wins face-off versus Ryan Craig in neutral zone.
3:03 of 2nd period - Slapshot by Blake Geoffrion.
3:03 of 2nd period - Deflect By David Van Der Gulik.
3:03 of 2nd period - Shot Blocked by Anssi Salmela.
3:03 of 2nd period - Puck is out of play.
3:04 of 2nd period - Manny Malhotra wins face-off versus Ryan Craig in Demolitions zone.
3:05 of 2nd period - Wrist shot by David Van Der Gulik.
3:05 of 2nd period - Shot Misses the Net.
3:17 of 2nd period - Wrist shot by Ryan Craig.
3:17 of 2nd period - Shot Misses the Net.
3:19 of 2nd period - Slapshot by Andy Rogers.
3:19 of 2nd period - Stopped by Steve Mason with a rebound.
4:11 of 2nd period - Wrist shot by Marc-André Bernier.
4:11 of 2nd period - Stopped by Steve Mason with a rebound.
4:13 of 2nd period - Snap shot by Janne Niskala.
4:13 of 2nd period - Stopped by Steve Mason with a rebound.
4:15 of 2nd period - Snap shot by James Sheppard.
4:15 of 2nd period - Shot Misses the Net.
4:17 of 2nd period - Slapshot by Andy Rogers.
4:17 of 2nd period - Shot Blocked by Mikael Backlund.
4:19 of 2nd period - Snap shot by Petr Vrana.
4:19 of 2nd period - Shot Misses the Net.
4:21 of 2nd period - Snap shot by Marc-André Bernier.
4:21 of 2nd period - Deflect By Petr Vrana.
4:21 of 2nd period - Stopped by Steve Mason with a rebound.
4:43 of 2nd period - Wrist shot by Blake Geoffrion.
4:43 of 2nd period - Stopped by Sergei Bobrovsky without a rebound.
4:44 of 2nd period - Cal O'Reilly wins face-off versus Ryan Craig in Demolitions zone.
4:57 of 2nd period - Snap shot by Petr Vrana.
4:57 of 2nd period - Shot Misses the Net.
5:09 of 2nd period - Nicolas Blanchard is hit by David Van Der Gulik and loses puck.
5:34 of 2nd period - Wrist shot by Chris Lawrence.
5:34 of 2nd period - Stopped by Sergei Bobrovsky with a rebound.
5:36 of 2nd period - Snap shot by Chris Lawrence.
5:36 of 2nd period - Stopped by Sergei Bobrovsky with a rebound.
5:38 of 2nd period - Slapshot by Keith Aulie.
5:38 of 2nd period - Shot Misses the Net.
5:40 of 2nd period - Wrist shot by Chris Lawrence.
5:40 of 2nd period - Goal by Chris Lawrence - Carnivores : 3 - Demolitions : 2.
5:41 of 2nd period - Brad Richardson wins face-off versus Manny Malhotra in neutral zone.
6:37 of 2nd period - Snap shot by Blake Geoffrion.
6:37 of 2nd period - Stopped by Sergei Bobrovsky without a rebound.
6:38 of 2nd period - Troy Brouwer wins face-off versus Cal O'Reilly in Demolitions zone.
6:50 of 2nd period - Minor Penalty to Troy Brouwer for Tripping.
6:50 of 2nd period - Minor Penalty to Cal O'Reilly for Tripping.
6:51 of 2nd period - Manny Malhotra wins face-off versus Brad Richardson in Carnivores zone.
8:50 of 2nd period - Penalty to Troy Brouwer is over, Troy Brouwer is back on ice.
8:50 of 2nd period - Penalty to Cal O'Reilly is over, Cal O'Reilly is back on ice.
9:10 of 2nd period - Andy Rogers is hit by Ian Schultz and loses puck.
9:21 of 2nd period - Snap shot by Jeremy Williams.
9:21 of 2nd period - Goal by Jeremy Williams - Carnivores : 3 - Demolitions : 3.
9:22 of 2nd period - Ryan Craig wins face-off versus David Van Der Gulik in neutral zone.
9:31 of 2nd period - Snap shot by Anthony Stewart.
9:31 of 2nd period - Shot Blocked by Bobby Sanguinetti.
9:33 of 2nd period - Snap shot by Anssi Salmela.
9:33 of 2nd period - Stopped by Steve Mason with a rebound.
9:47 of 2nd period - Anton Babchuk is hit by Keith Aulie and loses puck.
9:52 of 2nd period - Wrist shot by Cal O'Reilly.
9:52 of 2nd period - Shot Misses the Net.
9:54 of 2nd period - Slapshot by Tim Conboy.
9:54 of 2nd period - Stopped by Sergei Bobrovsky without a rebound.
9:55 of 2nd period - Cal O'Reilly wins face-off versus Ryan Craig in Demolitions zone.
10:10 of 2nd period - Snap shot by Petr Vrana.
10:10 of 2nd period - Shot Blocked by Phil Oreskovic.
10:30 of 2nd period - Wrist shot by Brad Richardson.
10:30 of 2nd period - Stopped by Steve Mason with a rebound.
10:32 of 2nd period - Slapshot by Janne Niskala.
10:32 of 2nd period - Stopped by Steve Mason with a rebound.
10:34 of 2nd period - Wrist shot by Troy Brouwer.
10:34 of 2nd period - Shot Misses the Net.
10:43 of 2nd period - Off-side.
10:44 of 2nd period - Nicolas Blanchard wins face-off versus Kyle Wilson in neutral zone.
10:47 of 2nd period - Slapshot by Brandon Bochenski.
10:47 of 2nd period - Stopped by Steve Mason with a rebound.
11:54 of 2nd period - Petr Vrana is hit by Christopher DiDomenico and loses puck.
12:03 of 2nd period - Jordie Benn is hit by Anssi Salmela and loses puck.
12:42 of 2nd period - Slapshot by Tim Conboy.
12:42 of 2nd period - Shot Blocked by Troy Brouwer.
12:44 of 2nd period - Wrist shot by Tim Conboy.
12:44 of 2nd period - Goal by Tim Conboy - Carnivores : 4 - Demolitions : 3.
12:45 of 2nd period - Brad Richardson wins face-off versus Manny Malhotra in neutral zone.
12:50 of 2nd period - Snap shot by Brad Richardson.
12:50 of 2nd period - Shot Misses the Net.
13:12 of 2nd period - Minor Penalty to Billy Sweat for Roughing.
13:13 of 2nd period - David Van Der Gulik wins face-off versus Brad Richardson in Carnivores zone.
13:32 of 2nd period - David Van Der Gulik is hit by Janne Niskala and loses puck.
14:39 of 2nd period - Snap shot by Cal O'Reilly.
14:39 of 2nd period - Shot Misses the Net.
15:12 of 2nd period - Penalty to Billy Sweat is over, Billy Sweat is back on ice.
15:20 of 2nd period - Snap shot by Chris Lawrence.
15:20 of 2nd period - Shot Misses the Net.
15:38 of 2nd period - Blake Geoffrion is hit by Troy Brouwer and loses puck.
16:01 of 2nd period - Wrist shot by Chris Lawrence.
16:01 of 2nd period - Stopped by Sergei Bobrovsky with a rebound.
16:23 of 2nd period - Slapshot by Phil Oreskovic.
16:23 of 2nd period - Deflect By Mikael Backlund.
16:23 of 2nd period - Stopped by Sergei Bobrovsky with a rebound.
16:26 of 2nd period - Icing by Brandon Bochenski.
16:27 of 2nd period - Nicolas Blanchard wins face-off versus Mikael Backlund in Demolitions zone.
16:42 of 2nd period - Snap shot by Brad Richardson.
16:42 of 2nd period - Stopped by Steve Mason with a rebound.
16:44 of 2nd period - Wrist shot by Brad Richardson.
16:44 of 2nd period - Shot Misses the Net.
16:54 of 2nd period - Anton Babchuk is hit by Cal O'Reilly and loses puck.
17:22 of 2nd period - Marc-André Bernier is hit by David Van Der Gulik and loses puck.
18:06 of 2nd period - Icing by Janne Niskala.
18:07 of 2nd period - Anthony Stewart wins face-off versus Manny Malhotra in Demolitions zone.
18:56 of 2nd period - Wrist shot by Kyle Wilson.
18:56 of 2nd period - Stopped by Sergei Bobrovsky without a rebound.
18:57 of 2nd period - Ryan Craig wins face-off versus Cal O'Reilly in Demolitions zone.
19:22 of 2nd period - Snap shot by Mikael Backlund.
19:22 of 2nd period - Deflect By Christopher DiDomenico.
19:22 of 2nd period - Shot Misses the Net.
19:22 of 2nd period - Puck is out of play.
19:23 of 2nd period - Brad Richardson wins face-off versus Mikael Backlund in Demolitions zone.
19:23 of 2nd period - Brad Richardson is hit by Phil Oreskovic.
19:40 of 2nd period - Off-side.
19:41 of 2nd period - Ryan Craig wins face-off versus Manny Malhotra in neutral zone.
19:44 of 2nd period - Bobby Sanguinetti is hit by Andy Rogers and loses puck.
19:49 of 2nd period - Wrist shot by Ryan Craig.
19:49 of 2nd period - Stopped by Steve Mason without a rebound.
19:50 of 2nd period - Ryan Craig wins face-off versus Manny Malhotra in Carnivores zone.
3rd period
0:01 of 3rd period - Brad Richardson wins face-off versus Manny Malhotra in neutral zone.
0:33 of 3rd period - Snap shot by Nicolas Blanchard.
0:33 of 3rd period - Deflect By Brandon Bochenski.
0:33 of 3rd period - Stopped by Steve Mason with a rebound.
0:35 of 3rd period - Slapshot by Robert Klinkhammer.
0:35 of 3rd period - Stopped by Steve Mason with a rebound.
1:14 of 3rd period - Chris Butler is hit by Anssi Salmela and loses puck.
1:25 of 3rd period - Billy Sweat is hit by Anton Babchuk and loses puck.
1:36 of 3rd period - Snap shot by Keith Aulie.
1:36 of 3rd period - Stopped by Sergei Bobrovsky without a rebound.
1:37 of 3rd period - Kyle Wilson wins face-off versus Brad Richardson in Demolitions zone.
1:38 of 3rd period - Wrist shot by Chris Lawrence.
1:38 of 3rd period - Shot Misses the Net.
1:40 of 3rd period - Snap shot by Kyle Wilson.
1:40 of 3rd period - Deflect By Jeremy Welsh.
1:40 of 3rd period - Stopped by Sergei Bobrovsky without a rebound.
1:41 of 3rd period - Kyle Wilson wins face-off versus Brad Richardson in Demolitions zone.
1:54 of 3rd period - Snap shot by Chris Lawrence.
1:54 of 3rd period - Shot Blocked by Robert Bortuzzo.
1:56 of 3rd period - Wrist shot by Chris Lawrence.
1:56 of 3rd period - Stopped by Sergei Bobrovsky without a rebound.
1:57 of 3rd period - Ryan Craig wins face-off versus Cal O'Reilly in Demolitions zone.
2:07 of 3rd period - Minor Penalty to Keith Aulie for Slashing.
2:08 of 3rd period - Brad Richardson wins face-off versus David Van Der Gulik in Carnivores zone.
2:09 of 3rd period - Wrist shot by Troy Brouwer.
2:09 of 3rd period - Stopped by Steve Mason with a rebound.
2:11 of 3rd period - Slapshot by Jeremy Williams.
2:11 of 3rd period - Goal by Jeremy Williams - Carnivores : 4 - Demolitions : 4.
2:12 of 3rd period - Manny Malhotra wins face-off versus Brad Richardson in neutral zone.
2:14 of 3rd period - Off-side.
2:15 of 3rd period - Manny Malhotra wins face-off versus Brad Richardson in neutral zone.
2:39 of 3rd period - Icing by Brad Richardson.
2:40 of 3rd period - Cal O'Reilly wins face-off versus Brad Richardson in Demolitions zone.
2:41 of 3rd period - Backhand shot by Tim Conboy.
2:41 of 3rd period - Stopped by Sergei Bobrovsky without a rebound.
2:42 of 3rd period - Brad Richardson wins face-off versus Tim Conboy in Demolitions zone.
2:42 of 3rd period - Brad Richardson is hit by Chris Butler.
2:54 of 3rd period - Snap shot by Cal O'Reilly.
2:54 of 3rd period - Shot Blocked by Brad Richardson.
2:56 of 3rd period - Slapshot by Phil Oreskovic.
2:56 of 3rd period - Shot Misses the Net.
2:58 of 3rd period - Wrist shot by Billy Sweat.
2:58 of 3rd period - Shot Misses the Net.
3:08 of 3rd period - Blake Geoffrion is hit by Ryan Craig and loses puck.
3:27 of 3rd period - Slapshot by Brandon Bochenski.
3:27 of 3rd period - Shot Misses the Net.
3:29 of 3rd period - Backhand shot by Anton Babchuk.
3:29 of 3rd period - Stopped by Steve Mason without a rebound.
3:30 of 3rd period - Kyle Wilson wins face-off versus Nicolas Blanchard in Carnivores zone.
3:30 of 3rd period - Kyle Wilson is hit by Janne Niskala.
3:40 of 3rd period - Slapshot by Chris Lawrence.
3:40 of 3rd period - Stopped by Sergei Bobrovsky without a rebound.
3:41 of 3rd period - Brad Richardson wins face-off versus Manny Malhotra in Demolitions zone.
3:55 of 3rd period - Off-side.
3:56 of 3rd period - Ryan Craig wins face-off versus Cal O'Reilly in neutral zone.
3:58 of 3rd period - Minor Penalty to Keith Aulie for Interference.
3:59 of 3rd period - Troy Brouwer wins face-off versus David Van Der Gulik in Carnivores zone.
4:10 of 3rd period - Slapshot by Jeremy Williams.
4:10 of 3rd period - Stopped by Steve Mason with a rebound.
4:12 of 3rd period - Slapshot by Andy Rogers.
4:12 of 3rd period - Deflect By Bobby Sanguinetti.
4:12 of 3rd period - Stopped by Steve Mason with a rebound.
4:14 of 3rd period - Slapshot by Andy Rogers.
4:14 of 3rd period - Shot Blocked by Bobby Sanguinetti.
4:34 of 3rd period - Snap shot by Anthony Stewart.
4:34 of 3rd period - Shot Blocked by Bobby Sanguinetti.
5:29 of 3rd period - Cal O'Reilly is hit by Andy Rogers.
5:58 of 3rd period - Penalty to Keith Aulie is over, Keith Aulie is back on ice.
6:27 of 3rd period - Marc-André Bernier is hit by Jeremy Welsh and loses puck.
6:52 of 3rd period - Kyle Wharton is hit by Mikael Backlund and loses puck.
7:59 of 3rd period - Brad Richardson is hit by Manny Malhotra and loses puck.
8:04 of 3rd period - Wrist shot by David Van Der Gulik.
8:04 of 3rd period - Shot Hit the Post.
8:06 of 3rd period - Backhand shot by Keith Aulie.
8:06 of 3rd period - Shot Misses the Net.
8:16 of 3rd period - Wrist shot by Cal O'Reilly.
8:16 of 3rd period - Shot Blocked by Kyle Wharton.
9:36 of 3rd period - Wrist shot by David Van Der Gulik.
9:36 of 3rd period - Stopped by Sergei Bobrovsky with a rebound.
9:58 of 3rd period - Janne Niskala is hit by Billy Sweat and loses puck.
10:28 of 3rd period - Ryan Craig is hit by David Van Der Gulik and loses puck.
10:45 of 3rd period - Robert Bortuzzo is hit by Ian Schultz and loses puck.
10:46 of 3rd period - Robert Bortuzzo from Demolitions is injured at 10:46 of 3rd period (Bruised Left Shoulder).
10:47 of 3rd period - Brad Richardson wins face-off versus Manny Malhotra in Demolitions zone.
10:47 of 3rd period - Brad Richardson is hit by Keith Aulie.
10:53 of 3rd period - Slapshot by Troy Brouwer.
10:53 of 3rd period - Stopped by Steve Mason with a rebound.
10:57 of 3rd period - Slapshot by Jeremy Williams.
10:57 of 3rd period - Stopped by Steve Mason with a rebound.
11:39 of 3rd period - Minor Penalty to Chris Lawrence for Tripping.
11:40 of 3rd period - Brad Richardson wins face-off versus David Van Der Gulik in Carnivores zone.
11:41 of 3rd period - Snap shot by Jeremy Williams.
11:41 of 3rd period - Shot Blocked by Phil Oreskovic.
11:55 of 3rd period - Slapshot by Brad Richardson.
11:55 of 3rd period - Shot Misses the Net.
12:15 of 3rd period - Chris Butler is hit by Andy Rogers and loses puck.
13:39 of 3rd period - Penalty to Chris Lawrence is over, Chris Lawrence is back on ice.
14:06 of 3rd period - Off-side.
14:07 of 3rd period - Kyle Wilson wins face-off versus James Sheppard in neutral zone.
14:28 of 3rd period - Chris Lawrence is hit by Brandon Bochenski and loses puck.
15:11 of 3rd period - Snap shot by Blake Geoffrion.
15:11 of 3rd period - Shot Blocked by Anton Babchuk.
15:13 of 3rd period - Slapshot by Brian Strait.
15:13 of 3rd period - Stopped by Sergei Bobrovsky without a rebound.
15:14 of 3rd period - Manny Malhotra wins face-off versus Ryan Craig in Demolitions zone.
15:15 of 3rd period - Slapshot by David Van Der Gulik.
15:15 of 3rd period - Stopped by Sergei Bobrovsky without a rebound.
15:16 of 3rd period - Manny Malhotra wins face-off versus Nicolas Blanchard in Demolitions zone.
15:19 of 3rd period - Wrist shot by Manny Malhotra.
15:19 of 3rd period - Shot Misses the Net.
15:21 of 3rd period - Slapshot by Manny Malhotra.
15:21 of 3rd period - Shot Blocked by Andy Rogers.
15:23 of 3rd period - Wrist shot by David Van Der Gulik.
15:23 of 3rd period - Deflect By Manny Malhotra.
15:23 of 3rd period - Stopped by Sergei Bobrovsky with a rebound.
15:25 of 3rd period - Snap shot by Blake Geoffrion.
15:25 of 3rd period - Stopped by Sergei Bobrovsky with a rebound.
15:27 of 3rd period - Wrist shot by Manny Malhotra.
15:27 of 3rd period - Shot Misses the Net.
15:29 of 3rd period - Snap shot by David Van Der Gulik.
15:29 of 3rd period - Deflect By Blake Geoffrion.
15:29 of 3rd period - Stopped by Sergei Bobrovsky without a rebound.
15:30 of 3rd period - Kyle Wilson wins face-off versus Brad Richardson in Demolitions zone.
15:31 of 3rd period - Snap shot by Chris Lawrence.
15:31 of 3rd period - Stopped by Sergei Bobrovsky with a rebound.
16:18 of 3rd period - Slapshot by Bobby Sanguinetti.
16:18 of 3rd period - Shot Blocked by Anton Babchuk.
16:38 of 3rd period - Wrist shot by Mikael Backlund.
16:38 of 3rd period - Shot Blocked by Marc-André Bernier.
16:46 of 3rd period - Slapshot by Keith Aulie.
16:46 of 3rd period - Shot Blocked by Anton Babchuk.
17:25 of 3rd period - Snap shot by Blake Geoffrion.
17:25 of 3rd period - Stopped by Sergei Bobrovsky with a rebound.
17:27 of 3rd period - Slapshot by Blake Geoffrion.
17:27 of 3rd period - Stopped by Sergei Bobrovsky without a rebound.
17:28 of 3rd period - Manny Malhotra wins face-off versus Brad Richardson in Demolitions zone.
17:31 of 3rd period - Snap shot by Blake Geoffrion.
17:31 of 3rd period - Shot Misses the Net.
17:33 of 3rd period - Snap shot by Blake Geoffrion.
17:33 of 3rd period - Shot Misses the Net.
17:35 of 3rd period - Snap shot by Manny Malhotra.
17:35 of 3rd period - Goal by Manny Malhotra - Carnivores : 5 - Demolitions : 4.
17:36 of 3rd period - Nicolas Blanchard wins face-off versus Kyle Wilson in neutral zone.
17:46 of 3rd period - Slapshot by Chris Lawrence.
17:46 of 3rd period - Shot Misses the Net.
17:48 of 3rd period - Snap shot by Kyle Wilson.
17:48 of 3rd period - Shot Blocked by Andy Rogers.
17:52 of 3rd period - Snap shot by Chris Lawrence.
17:52 of 3rd period - Stopped by Sergei Bobrovsky without a rebound.
17:53 of 3rd period - Manny Malhotra wins face-off versus Brad Richardson in Demolitions zone.
17:58 of 3rd period - Snap shot by Blake Geoffrion.
17:58 of 3rd period - Stopped by Sergei Bobrovsky without a rebound.
17:59 of 3rd period - Brad Richardson wins face-off versus Manny Malhotra in Demolitions zone.
17:59 of 3rd period - Brad Richardson is hit by David Van Der Gulik.
18:10 of 3rd period - Minor Penalty to Manny Malhotra for Hooking.
18:11 of 3rd period - Brad Richardson wins face-off versus David Van Der Gulik in Carnivores zone.
18:18 of 3rd period - Janne Niskala is hit by David Van Der Gulik.
18:40 of 3rd period - David Van Der Gulik is hit by Anthony Stewart and loses puck.
Output by the SimonT Hockey Simulator (STHS) for François Prévost -- Original Page W3C XHTML 1.0 Valid